 Dungeon Crawl Stone Soup version 0.25-a0-737-g26c3a87c45 (webtiles) character file.

Game seed: 8470854379443872201, levelgen mode: deterministic

14 wvc the Poker (level 2, -2/26 HPs)
             Began as a Draconian Monk on Apr 12, 2020.
             Slain by an adder (4 damage)
             ... on level 2 of the Dungeon.
             The game lasted 00:00:53 (351 turns).

wvc the Poker (Draconian Monk)                       Turns: 351, Time: 00:00:54

Health: -2/26      AC:  4    Str: 13    XL:     2   Next: 27%
Magic:  2/2        EV: 13    Int: 10    God:
Gold:   56         SH:  0    Dex: 13    Spells: 1/1 levels left

rFire    . . .     SeeInvis .   a - +0 spear
rCold    . . .     Gourm    .   (no shield)
rNeg     . . .     Faith    .   (armour unavailable)
rPois    .         Spirit   .   (helmet restricted)
rElec    .         Reflect  .   (no cloak)
rCorr    .         Harm     .   (no gloves)
MR       .....                  (no boots)
Stlth    ++........             (no amulet)
HPRegen  0.08/turn              (no ring)
MPRegen  0.08/turn              (no ring)

@: mighty, lethally poisoned (-2 -> -11)
A: unfitting armour, cold-blooded, AC +4
a: no special abilities


You were on level 2 of the Dungeon.
You were not hungry.

You visited 1 branch of the dungeon, and saw 2 of its levels.

You collected 56 gold pieces.

Inventory:

Hand Weapons
 a - a +0 spear (weapon)
Scrolls
 e - a scroll of remove curse {unknown}
 g - a scroll of identify {unknown}
Potions
 c - a potion of lignification {unknown}
 d - a potion of might
 f - a potion of flight {unknown}
Comestibles
 b - 2 rations


   Skills:
 - Level 3.2 Fighting
 + Level 3.7 Polearms
 - Level 2.6 Dodging
 - Level 1.7 Stealth


You had one spell level left.
You didn't know any spells.
Your spell library was empty.

Dungeon Overview and Level Annotations

Branches:
Dungeon (1/15)

Altars:
Uskayaw


Innate Abilities, Weirdness & Mutations

Your plain brown scales are hard. (AC +4)
You cannot fit into any form of body armour.
You are cold-blooded and may be slowed by cold attacks.


Message History

You are too injured to fight recklessly!
You are too injured to fight recklessly!
You completely miss the adder.
The adder is severely wounded.
You feel sick. The adder bites you.
You closely miss the adder.
The adder is severely wounded.
The adder bites you but does no damage. The adder barely misses you.
It was a potion of might.
You feel very mighty all of a sudden.
You feel sick. The adder bites you.
* * * LOW HITPOINT WARNING * * *
You are more poisoned.
The adder poisons you!
Okay, then.
You barely miss the adder.
The adder is severely wounded.
* * * LOW HITPOINT WARNING * * *
You feel sick. The adder bites you.
You die...

....# ....##
#........... .....#
........... ...#.#
#.......... ...#.##
#.......... ......#
#...?...... ......#
#..........
......#+######......)...
................@.......
.................S.....$
.......>......†.........
..).......!.............
.†......................
..............##########
...############ ...#
...#


You could see an adder.

Vanquished Creatures
  2 bats (D:1)
  3 goblins
  A hobgoblin (D:2)
  A quokka (D:2)
  2 kobolds (D:1)
  4 rats
13 creatures vanquished.

Vanquished Creatures (others)
  A rat (D:1)
1 creature vanquished.

Grand Total: 14 creatures vanquished

Notes
Turn   | Place    | Note
-------+----------+-------------------------------------------
     0 | D:1      | wvc the Draconian Monk began the quest for the Orb.
     0 | D:1      | Reached XP level 1. HP: 19/19 MP: 1/1
   210 | D:1      | Reached XP level 2. HP: 26/26 MP: 2/2
   221 | D:1      | You fall into a shaft and drop 1 floor!
   221 | D:2      | Found a hide-covered altar of Uskayaw.
   351 | D:2      | Slain by an adder

Levels and vault maps discovered:
D:1:      dpeg_arrival_shelter, layout_loops_corners, lemuel_flame_loot_1
D:2:      layout_basic, eat_drink_and_be_merry_uskayaw, uniq_sigmund

Action                   || total
-------------------------++-------
Melee: Spear             ||    38
       Tailslap          ||     1
  Use: Potion            ||     1
Armor: Skin              ||     8
Dodge: Dodged            ||    15

Table legend:
 A = Non-vault XP
 B = Vault XP
 C = Vault XP percentage of total XP
 D = Non-vault monster count
 E = Vault monster count
 F = Vault count percentage of total count
                 A         B        C        D         E       F
            +---------+---------+-------+---------+---------+-------
      Total |      20 |       0 |   0.0 |      13 |       0 |   0.0
            +---------+---------+-------+---------+---------+-------
        D:1 |      12 |       0 |   0.0 |       8 |       0 |   0.0
        D:2 |       8 |       0 |   0.0 |       5 |       0 |   0.0
            +---------+---------+-------+---------+---------+-------
